← All builds
Front / Armada / Economy first / OBSERVED BUILD

Standard front

Armada Front build order · Supreme Isthmus

Standard economy-first Front play: Bot Lab and Vehicle Plant up almost immediately, Advanced Metal Extractor around 9 minutes, with Blitz, Rocketeer, Pawn and Janus trickling out to hold and push the middle over the full 15 minutes.

#eco · 1186 distinct matches · 145 players · 75% of Armada Front games · team won 62% of 1353 · Recently observed

HOW TO PLAY IT

Key timing: T2 constructor by 7:43

  1. Open mex and wind, drop Bot Lab and Vehicle Plant almost immediately.
  2. Pump Blitz, Rocketeer and Pawn to the coast to stop leaks first.
  3. Add Centurion and Janus once first units are moving up.
  4. Form units into a line pushing toward middle as numbers grow.
  5. Upgrade to Advanced Metal Extractor as the economy transition kicks in.

Phase by phase

TYPICAL OF ITS 1186 GAMES
  1. 1
  2. 2
  3. 3
PLAY THE OPENING

Follow the example game's first 6:00 step by step: what to build now, what comes next, and where it goes. At 1× it keeps pace with your own game.

  1. 1

    Up to the Bot Lab

    Economy
    • Metal Extractor2Mex
    • Wind Turbine1Wind
    Order
    1. Bot LabBot Lab after 3 mex, 1 winddone ~0:45, middle half 0:35–8:13

    Some games also: Vehicle Plant (41%)

    By 0:28 in all: 2 mex · 1 wind

    The example game in this phase · 3 steps
    1. Mex ×2
    2. Wind
    3. Vehicle PlantVehicle Plantdone 0:41 · typical 0:47
  2. 2

    Bot Lab to 5:00

    Economy
    • Metal Extractor4Mex
    • Wind Turbine3Wind
    Army
    • Sentry1 Sentry

    Some games also: rocketeer (46%) · con bot (45%) · Lazarus (44%) · tick (42%) · centurion (37%)

    By 5:00 in all: 6 mex · 7 wind

    The example game in this phase · 39 steps
    1. RoverScout ×4
    2. Construction VehicleCon vehicle ×2
    3. JanusJanus
    4. Mex ×2
    5. JanusJanus
    6. Wind
    7. ShellshockerArty
    8. Wind
    9. ShellshockerArty
    10. SentrySentry
    11. Wind
    12. ShellshockerArty
    13. Mex
    14. Wind
    15. ShellshockerArty
    16. Wind
    17. ShellshockerArty
    18. JanusJanus
    19. Wind
    20. Construction VehicleCon vehicle
    21. SentrySentry
    22. Wind
    23. Radar TowerRadar Tower
    24. Construction VehicleCon vehicle
    25. SentrySentry
    26. Wind
    27. SentrySentry
    28. BlitzBlitz ×2
    29. Wind
    30. BlitzBlitz
    31. SentrySentry
    32. BlitzBlitz
    33. SentrySentry
    34. BlitzBlitz
    35. Wind
    36. BlitzBlitz
    37. SentrySentry
    38. BlitzBlitz
    39. Mex
  3. 3

    5:00 to 10:00

    Economy
    • Metal Extractor1Mex
    • Wind Turbine14Wind
    Builders
    • Construction Turret2 Con turret
    Army
    • Sentry1 Sentry

    Some games also: energy storage (46%) · rocketeer (40%) · blitz (38%) · pawn (36%) · Lazarus (35%)

    By 10:00 in all: 7 mex · 25 wind · 1 energy storage · 3 con turret

    The example game in this phase · 58 steps
    1. Wind
    2. BlitzBlitz
    3. SentrySentry
    4. BlitzBlitz
    5. SentrySentry
    6. BlitzBlitz
    7. Wind
    8. BlitzBlitz ×2
    9. Wind
    10. BlitzBlitz ×2
    11. Wind
    12. BlitzBlitz
    13. BeamerBeamer
    14. BlitzBlitz
    15. BeamerBeamer
    16. BlitzBlitz ×4
    17. Radar TowerRadar Tower
    18. BlitzBlitz ×2
    19. Wind
    20. BlitzBlitz
    21. Con turret
    22. BlitzBlitz
    23. Wind
    24. BlitzBlitz ×2
    25. Wind
    26. BlitzBlitz
    27. Sneaky PeteSneaky Pete
    28. BlitzBlitz
    29. Wind
    30. Advanced Metal ExtractorT2 mexdone 9:40 · typical 8:53
    31. BlitzBlitz ×2
    32. Wind
    33. Con turret
    34. Construction VehicleCon vehicle
    35. Wind
    36. Advanced Metal ExtractorT2 mex
    37. Wind
    38. BeamerBeamer
    39. Wind
    40. BeamerBeamer
    41. Wind
    42. Construction VehicleCon vehicle
    43. Advanced Metal ExtractorT2 mex
    44. Wind
    45. Construction VehicleCon vehicle
    46. Wind
    47. Con turret
    48. Construction VehicleCon vehicle
    49. Energy storage
    50. Wind
    51. Advanced Metal ExtractorT2 mex
    52. Construction VehicleCon vehicle
    53. Wind ×3
    54. Radar TowerRadar Tower
    55. Wind ×13
    56. Converter
    57. Con turret
    58. Converter

Counts are medians over the build's games: half of them build more, half fewer. The example game is Adeus's (36 OS, 11/10/2026); pick another.

Team trades

IN AT LEAST 30% OF ITS GAMES

You hand over

Nothing regular.

You get

  • Tidal Generator4 Tidal from Pondfirst at 0:18 · in 68% of games
  • Advanced Construction Bot1 T2 con bot from Geo or Techfirst at 7:17 · in 67% of games

How it plays out

Typical game of this build, running totals by minute

Metal produced

010k20k30k
0:005:0010:0015:00

metal

Enemy metal destroyed

05k10k
0:005:0010:0015:00

metal

Own metal lost

05k10k
0:005:0010:0015:00

metal

1353 games.

Show as table
ByMetal produced: This buildEnemy metal destroyed: This buildOwn metal lost: This build
1:0033300
2:008442131
3:001621143105
4:002709545333
5:0038551200813
6:00506020801512
7:00629929412450
8:00762437803332
9:00906046094251
10:001066152434952
11:001259157465677
12:001477463056491
13:001737669067192
14:002008975638079
15:002265682958940
WHAT THE NUMBERS SAY

Standard Front play wins more often than Suicide front and produces more metal by 15:00 while losing less of it.

  • + Metal produced reaches 22627 by 15:00, well above Suicide front's 20142.
  • + Own metal lost is 8944 by 15:00, lower than enemy metal destroyed ratio of Suicide front.
  • − First unit lost already at 1:43, showing exposure despite the safer position.
  • − Blitz dominates army share at 25%, leaving fewer Centurion for anti-swarm.
THE EXAMPLE YOU ARE READING

Adeus

36.3 OS · 11/10/2026

Open source match ↗

7 received units · includes a constructor
445 metal received · 3761 energy received

Allied construction assistance is unknown. Timings are observations, not a promise of solo reproducibility.

Typical milestones

Bot Lab0:45Middle 50%: 0:35–8:13 · n=857
Vehicle Plant0:47Middle 50%: 0:40–0:58 · n=946
Advanced Metal Extractor8:53Middle 50%: 8:02–10:00 · n=1079

Played most by

Hummell107games of this buildhaaven104games of this buildLeohvm89games of this buildXad68games of this buildDRM47games of this build